 Dungeon Crawl Stone Soup version 0.29-a0-322-g68df515428 (webtiles) character file.

Game seed: 17694854051223055413

1815 Morbidden the Conjurer (level 8, -8/60 HPs)
             Began as a Demonspawn Conjurer on Apr 9, 2022.
             Mangled by an orc warrior
             ... wielding a +0 glaive
              (16 damage)
             ... on level 6 of the Dungeon.
             The game lasted 00:07:38 (8100 turns).

Morbidden the Conjurer (Demonspawn Conjurer)        Turns: 8100, Time: 00:07:39

Health: -8/60      AC:  5    Str:  8    XL:     8   Next: 85%
Magic:  18/26      EV: 17    Int: 22    God:
Gold:   1358       SH:  0    Dex: 11    Spells: 9/20 levels left

rFire   . . .      SeeInvis .   a - +5 long sword
rCold   . . .      Faith    .   (no shield)
rNeg    . . .      Spirit   .   s - +0 robe
rPois   .          Reflect  .   (no helmet)
rElec   .          Harm     .   (no cloak)
rCorr   .          Rampage  .   w - +0 pair of gloves
Will    .....                   (no boots)
Stlth   ++........              (no amulet)
HPRegen 0.20/turn               n - +4 ring of evasion
MPRegen 0.20/turn               o - ring "Qabigi" {Wiz MP+9}

@: no status effects
A: rugged brown scales 2, spiny 1, weakness stinger 1
a: no special abilities


You were on level 6 of the Dungeon.
You visited 1 branch of the dungeon, and saw 6 of its levels.
You also visited: Sewer.

You collected 1358 gold pieces.

Inventory:

Hand Weapons
 a - a +5 long sword (weapon)
Armour
 q - an orb of guile
 s - a +0 robe (worn)
 w - a +0 pair of gloves (worn)
Jewellery
 n - a +4 ring of evasion (left hand)
 o - the ring "Qabigi" (right hand) {Wiz MP+9}
   (You acquired it on level 6 of the Dungeon)

   [ring of wizardry]

   It improves your spell success rate.
   MP:        It affects your magic capacity (+9).
 v - a ring of ice
Scrolls
 c - 2 scrolls of immolation {unknown}
 d - 5 scrolls of identify {unknown}
 f - a scroll of holy word {unknown}
 g - 2 scrolls of fog {unknown}
 i - 7 scrolls of teleportation {unknown}
 k - 3 scrolls of enchant armour {unknown}
 l - a scroll of magic mapping
 m - 4 scrolls of amnesia
Potions
 b - 2 potions of magic
 e - 2 potions of berserk rage {unknown}
 h - 2 potions of attraction {unknown}
 j - 4 potions of mutation {unknown}
 p - 3 potions of curing
 r - 3 potions of invisibility {unknown}
 t - a potion of might {unknown}
 x - 2 potions of heal wounds {unknown}
 z - 2 potions of degeneration {unknown}
 A - 3 potions of lignification {unknown}


   Skills:
 * Level 3.3 Fighting
 * Level 0.8 Long Blades
 * Level 3.7 Dodging
 + Level 2.6 Stealth
 + Level 0.9 Unarmed Combat
 * Level 6.6 Spellcasting
 + Level 7.0 Conjurations
 * Level 1.9 Translocations
 * Level 2.6 Air Magic


You had 9 spell levels left.
You knew the following spells:

 Your Spells              Type           Power      Damage    Failure   Level
a - Magic Dart            Conj           100%       1d8       1%          1
b - Searing Ray           Conj           76%        2d7       1%          2
c - Airstrike             Air            9%         N/A       12%         4
z - Iskenderun's Mystic   Conj/Tloc      26%        2d7       6%          4

Your spell library contained the following spells:

 Spells                   Type           Power      Damage    Failure   Level
 Shock                    Conj/Air       100%       1d9       1%          1
 Dazzling Flash           Conj/Hex       44%        N/A       2%          3
 Animate Skeleton         Necr           14%        N/A       3%          1
 Beastly Appendage        Tmut           14%        N/A       3%          1
 Pain                     Necr           28%        1d5       3%          1
 Swiftness                Air            18%        N/A       3%          3
 Wereblood                Tmut           7%         N/A       5%          2
 Fulminant Prism          Conj/Hex       11%        3d9       9%          4
 Spider Form              Tmut/Pois      7%         N/A       11%         3
 Vampiric Draining        Necr           7%         2d6       11%         3
 Animate Dead             Necr           3%         N/A       32%         4
 Haunt                    Necr/Summ      3%         N/A       100%        7
 Infestation              Necr           3%         N/A       100%        8


Dungeon Overview and Level Annotations

Branches:
Dungeon (6/15)              Sewer (visited)
 Temple: D:4-7

Altars:
Ashenzari
Dithmenos
Hepliaklqana
Kikubaaqudgha


Innate Abilities, Weirdness & Mutations

You are mostly covered in rugged brown scales. (AC +2, +5% HP)
You are partially covered in sharp spines.
You have a small tail.


Message History

The orc is heavily wounded.
The orc warrior hits you from afar with a +0 glaive!
Unknown command.
The searing ray hits the orc warrior.
The orc warrior is moderately wounded.
The searing ray hits the orc!
You kill the orc!
The searing ray hits the orc priest.
The orc priest is lightly wounded.
The orc warrior hits you from afar with a +0 glaive.
The searing ray misses the orc warrior.
The searing ray hits the orc priest!
The orc priest is severely wounded.
The searing ray hits the orc priest.
The orc priest is moderately wounded.
You finish channelling your searing ray.
The orc warrior hits you from afar with a +0 glaive!
The orc priest mumbles some strange prayers to Beogh against you.
Beogh smites you!
* * * LOW HITPOINT WARNING * * *
Casting: Searing Ray (safe; 1% risk of failure)
Confirm with . or Enter, or press ? or * to list all spells.
Aiming: Searing Ray (safe; 1% risk of failure)
Press: ? - help, Shift-Dir - straight line, f/p - orc warrior
Aim: an orc warrior, wielding a +0 glaive and wearing a +0 plate armour (moderately wounded, 81% to hit)
The searing ray hits the orc warrior.
The orc warrior is heavily wounded. (Press . to maintain the ray.)
The orc warrior barely misses you.
The orc priest mumbles some strange prayers to Beogh against you.
Beogh smites you!
* * * LOW HITPOINT WARNING * * *
The orc priest calls upon Beogh to heal the orc warrior.
The orc warrior is healed somewhat.
The searing ray hits the orc warrior.
The orc warrior is heavily wounded.
The searing ray hits the orc priest.
The orc priest is severely wounded.
The searing ray misses the orc priest.
The orc warrior hits you from afar with a +0 glaive!
You die...

#.# #########.# #...[...#.#
#.#####.#.## #.# #....##
####.#####.....# *****
#.............#########,,,*
#.##.#####.#...........,,,*
#.##.# #.#@##########,,,*
##.##.#***#.#.# **,**
#...#..,,,..#o#* ****,*
#.#.###***##.o.** **,,,,**
#...# **,.o.,** *,**,,,* ###.##
**,.....,** *,*,,,,*
#####...####.,.....,,***,,,,,,*
...........'........,+,,,,,,,**
#####...####..,,,,,,,****,,,**


You could see an orc warrior and 2 orc priests.

Vanquished Creatures
  2 sky beasts (D:5)
  2 black bears (D:6)
  An ice beast (D:3)
  A phantom (D:4)
  A centaur (D:6)
  2 bullfrogs (Sewer)
  A necrophage (D:6)
  A scorpion (D:4)
  4 wights (D:6)
  3 hounds
  A jelly (D:6)
  A gnoll shaman (D:3)
  4 iguanas
  3 orc wizards
  Natasha (thrice) (D:3)
  4 gnolls
  12 adders
  6 river rats (Sewer)
  A shadow imp (D:6)
  2 white imps
  An ufetubus (D:6)
  2 worms (D:6)
  A dart slug (D:1)
  14 orcs
  21 ball pythons
  5 bats
  9 endoplasms
  A giant cockroach (D:4)
  4 goblins
  6 hobgoblins
  6 jackals
  5 kobolds
  2 quokkas
  3 frilled lizards
  24 rats
159 creatures vanquished.

Vanquished Creatures (others)
  A withered plant (D:6)
1 creature vanquished.

Grand Total: 160 creatures vanquished

Notes
Turn   | Place    | Note
-------+----------+-------------------------------------------
     0 | D:1      | Morbidden the Demonspawn Conjurer began the quest for the
                  | Orb.
     0 | D:1      | Reached XP level 1. HP: 13/13 MP: 3/3
     2 | D:1      | Noticed a dwarf
     4 | D:1      | Noticed a vampire
     4 | D:1      | Noticed a formicid
     6 | D:1      | Noticed a minotaur
     8 | D:1      | Noticed a draconian
     8 | D:1      | Noticed a merfolk
    10 | D:1      | Noticed a ghoul
    13 | D:1      | Noticed an elf
    13 | D:1      | Noticed a felid
    15 | D:1      | Noticed a vine stalker
    15 | D:1      | Noticed a demonspawn
    17 | D:1      | Noticed an octopode
    17 | D:1      | Noticed a demigod
    19 | D:1      | Noticed a human
    19 | D:1      | Noticed a gargoyle
    21 | D:1      | Noticed a troll
    21 | D:1      | Noticed a tengu
    23 | D:1      | Noticed a spriggan
    23 | D:1      | Noticed a naga
    27 | D:1      | Noticed an ogre
   246 | D:1      | Gained mutation: You are partially covered in rugged brown
                  | scales. (AC +1, +3% HP) [demonic ancestry]
   246 | D:1      | Reached XP level 2. HP: 9/19 MP: 0/5
  1166 | D:1      | Learned a level 2 spell: Searing Ray
  1723 | D:2      | Gained mutation: You are mostly covered in rugged brown
                  | scales. (AC +2, +5% HP) [demonic ancestry]
  1723 | D:2      | Reached XP level 3. HP: 16/26 MP: 2/6
  2190 | D:2      | Gained mutation: You have a small tail. [demonic ancestry]
  2190 | D:2      | Reached XP level 4. HP: 32/32 MP: 0/7
  2309 | D:2      | Reached skill level 1 in Fighting
  2314 | D:2      | Learned a level 4 spell: Airstrike
  2705 | D:2      | Reached skill level 5 in Conjurations
  2858 | D:2      | You fall into a shaft and drop 2 floors!
  2998 | D:3      | Noticed Natasha
  3003 | D:3      | Killed Natasha
  3004 | D:3      | Gained mutation: You are partially covered in sharp spines.
                  | [demonic ancestry]
  3004 | D:3      | Reached XP level 5. HP: 38/38 MP: 3/9
  3151 | D:3      | Found a hazy altar of Hepliaklqana.
  3214 | D:3      | Noticed Natasha
  3221 | D:3      | Killed Natasha
  3291 | D:3      | Noticed Natasha
  3297 | D:3      | Killed Natasha
  3482 | D:3      | Reached XP level 6. HP: 45/45 MP: 1/11
  4452 | D:3      | Noticed an ice beast
  4460 | D:3      | Killed an ice beast
  4461 | D:3      | Reached skill level 1 in Air Magic
  5184 | D:4      | Reached XP level 7. HP: 31/51 MP: 6/13
  5188 | D:4      | Reached skill level 6 in Conjurations
  5433 | D:4      | Identified the +10 whip of Abuse {distort, Fly rElec Will-}
  5489 | D:5      | Entered Level 5 of the Dungeon
  5916 | D:5      | Found a broken altar of Ashenzari.
  5946 | D:5      | Learned a level 4 spell: Iskenderun's Mystic Blast
  6096 | D:5      | Reached skill level 5 in Spellcasting
  6366 | D:6      | Identified 2 scrolls of acquirement
  6366 | D:6      | Acquired 1050 gold pieces
  6368 | D:6      | Acquired the ring "Qabigi" {Wiz MP+9}
  6425 | D:6      | Found a glowing drain.
  6450 | D:6      | Found a shadowy altar of Dithmenos.
  6459 | Sewer    | Entered a sewer
  6657 | Sewer    | Reached XP level 8. HP: 59/59 MP: 16/16
  7074 | Sewer    | Reached skill level 1 in Translocations
  7182 | D:6      | Found an ancient bone altar of Kikubaaqudgha.
  7916 | D:6      | Reached skill level 7 in Conjurations
  8100 | D:6      | Mangled by an orc warrior

Illustrated notes

Levels and vault maps discovered:
D:1:      kb_arrival_jail, layout_basic, corexii_item_surrounded_by_moat,
          hangedman_decor_opposing, minmay_misc_feat_secret_circle
D:2:      layout_basic
D:3:      layout_basic, mainiacjoe_overflow_alcove_1, uniq_natasha
D:4:      layout_basic
D:5:      layout_loops_ring, lemuel_tele_altar
D:6:      layout_loops_corners, kennysheep_mini_moat, kiku_gazebo_garden_becter,
          cheibrodos_sewer_entry_sluice

Skill      XL: |  1  2  3  4  5  6  7  8 |
---------------+-------------------------+-----
Dodging        | 2 3 |  3.7
Fighting       | 1 2 3 |  3.3
Conjurations   | 5 6 7 |  7.0
Stealth        | 2 |  2.6
Spellcasting   | 3 4 5 6 |  6.6
Air Magic      | 1 2 |  2.6
Translocations | 1 |  1.9
Long Blades    | |  0.8
Unarmed Combat | |  0.9

Action                   |  1- 3 |  4- 6 |  7- 9 || total
-------------------------+-------+-------+-------++-------
Melee: Unarmed           |    40 |    33 |     4 ||    77
       Tailslap          |       |     6 |       ||     6
 Cast: Magic Dart        |    64 |   141 |   121 ||   326
       Searing Ray       |       |     4 |    24 ||    28
       Iskenderun's Myst |       |       |     6 ||     6
  Use: Scroll            |       |       |     9 ||     9
Armor: Robe              |    31 |     5 |     3 ||    39
Dodge: Dodged            |    46 |    38 |    37 ||   121

Table legend: (Time is in decaauts)
 A = Elapsed time spent in this place.
 B = Non-inter-level travel time spent in this place.
 C = Inter-level travel time spent in this place.
 D = Time resting spent in this place.
 E = Time spent auto-exploring this place.
 F = Levels seen in this place.
 G = Mean time per level.
                   A        B        C        D        E       F      G
               +--------+--------+--------+--------+--------+-----+--------+
         Total |   8139 |   7943 |    196 |    423 |   6594 |   7 | 1162.7 |
       Dungeon |   7416 |   7220 |    196 |    423 |   5991 |   6 | 1236.0 |
         Sewer |    723 |    723 |      0 |      0 |    603 |   1 |  723.0 |
               +--------+--------+--------+--------+--------+-----+--------+

Top non-repeatable levels by time:
     D:2: 1859 daAuts
     D:1: 1502 daAuts
     D:3: 1198 daAuts
     D:6: 1085 daAuts
     D:4: 935 daAuts
     D:5: 835 daAuts
   Sewer: 723 daAuts
